 Dungeon Crawl Stone Soup version 0.15.2 (webtiles) character file.

952 Brolias the Insei (level 7, -12/52 HPs)
             Began as a Mummy Monk on Aug 5, 2015.
             Mangled by an ogre
             ... wielding a +0 giant spiked club
              (19 damage)
             ... on Level 7 of the Dungeon.
             The game lasted 00:31:09 (13928 turns).

Brolias the Insei (Mummy Monk)                     Turns: 13928, Time: 00:31:10

HP -12/52        AC  1     Str 14      XL: 7   Next: 90%
MP   7/7         EV 15     Int  9      God:
Gold 399         SH  0     Dex 16      Spells:  0 memorised,  6 levels left

rFire  . . .     SeeInvis .       - Unarmed
rCold  + . .     Clarity  .     (no armour)
rNeg   + + +     rCorr    .     (no shield)
rPois  +         rRot     +     (no helmet)
rElec  .         Spirit   .     k - +0 cloak
SustAb .         Warding  .     (no gloves)
rMut   .         Stasis   .     (no boots)
Gourm  .                        b - amulet of rage
MR     .....                    j - ring of protection from fire
                                a - ring of positive energy

@: not resistant to hostile enchantments, unstealthy
A: no food or potions, fire vulnerability, restore body, cold resistance 1,
negative energy resistance 3, poison resistance, torment resistance, unbreathing
a: no special abilities


You were on level 7 of the Dungeon.
You were not hungry.

You visited 1 branch of the dungeon, and saw 7 of its levels.

You collected 399 gold pieces.

Inventory:

Armour
 k - a +0 cloak (worn)
Comestibles
 h - 3 meat rations
Scrolls
 f - a scroll of amnesia
 g - a scroll of enchant weapon
 i - 2 scrolls of remove curse
Jewellery
 a - a ring of positive energy (left hand)
 b - an amulet of rage (around neck)
 c - a +3 ring of intelligence
 j - a ring of protection from fire (right hand)


   Skills:
 + Level 3.1 Fighting
 - Level 4.8 Dodging
 - Level 1.5 Stealth
 + Level 7.1 Unarmed Combat


You had 6 spell levels left.
You didn't know any spells.

Dungeon Overview and Level Annotations

Branches:
Dungeon (7/15)             Temple (0/1) D:5

Altars:

Annotations:
D:4 1 exclusion
D:6 Duvessa, Edmund


Innate Abilities, Weirdness & Mutations

You do not eat or drink.
Your flesh is vulnerable to fire.
Your flesh is cold resistant.
You are immune to negative energy.
Your system is resistant to poisons.
You are immune to unholy pain and torment.
You can survive without breathing.


Message History

You punch the ogre!
The ogre is moderately wounded.
You punch the ogre!
The ogre is heavily wounded.
The ogre hits you with a giant spiked club!!
Ouch! That really hurt!
You are too injured to fight recklessly!
You are too injured to fight recklessly!
You are too injured to fight recklessly!
You are too injured to fight recklessly!
You hit the ogre but do no damage.
The ogre is heavily wounded.
The ogre hits you with a giant spiked club!
* * * LOW HITPOINT WARNING * * *
You barely miss the ogre.
The ogre is heavily wounded.
You hit the ogre but do no damage.
The ogre is heavily wounded.
The ogre hits you with a giant spiked club!!
You die... z

... ... ##### ...
#...#
#.#####...########
#####.#...[..@O5..)...
#.......###...########
#.......# #...#
#.......# #####
#.!.....# #.......#
#####.#.####
#)#....####.#
#.#.........#


You could see an ogre and a crimson imp.

Vanquished Creatures
  2 phantoms (D:6)
  A scorpion (D:6)
  A wight (D:7)
  A crimson imp (D:5)
  Dowan (D:6)
  A hound (D:4)
  An orc priest (D:4)
  A giant frog skeleton (D:6)
  6 worker ants
  A sky beast zombie (D:6)
  Ijyb (D:7)
  An ogre zombie (D:6)
  A giant mite (D:1)
  10 adders
  5 worms
  8 giant geckos
  3 oozes
  16 orcs
  A bat zombie (D:7)
  4 giant cockroaches
  8 hobgoblins
  13 jackals
  16 kobolds
  5 quokkas
  A ball python (D:1)
  22 bats
  6 giant newts
  14 goblins
  A hobgoblin skeleton (D:5)
  A kobold skeleton (D:4)
  40 rats
193 creatures vanquished.

Vanquished Creatures (others)
  2 orcs (D:6)
  A quokka (D:6)
  3 plants (D:3)
6 creatures vanquished.

Grand Total: 199 creatures vanquished

Notes
Turn   | Place    | Note
--------------------------------------------------------------
     0 | D:1      | Brolias, the Mummy Monk, began the quest for the Orb.
     0 | D:1      | Reached XP level 1. HP: 18/18 MP: 1/1
   329 | D:1      | Reached XP level 2. HP: 18/24 MP: 2/2
   854 | D:1      | Reached skill level 4 in Unarmed Combat
  1085 | D:2      | Reached XP level 3. HP: 29/29 MP: 3/3
  2096 | D:2      | Reached XP level 4. HP: 27/35 MP: 4/4
  2821 | D:2      | Reached skill level 5 in Unarmed Combat
  3476 | D:2      | Reached XP level 5. HP: 8/41 MP: 5/5
  5950 | D:4      | Reached skill level 6 in Unarmed Combat
  6199 | D:4      | Reached XP level 6. HP: 18/47 MP: 6/6
  7824 | D:5      | Entered Level 5 of the Dungeon
  9057 | D:5      | Found a staircase to the Ecumenical Temple.
 10345 | D:6      | Reached XP level 7. HP: 46/52 MP: 7/7
 10622 | D:6      | HP: 2/52 [phantom (6)]
 11405 | D:6      | Noticed Edmund
 12634 | D:6      | Noticed Dowan
 12674 | D:6      | Killed Dowan
 12871 | D:6      | Noticed Duvessa
 13071 | D:5      | Reached skill level 7 in Unarmed Combat
 13215 | D:7      | Noticed Ijyb
 13226 | D:7      | Killed Ijyb
 13928 | D:7      | Mangled by an ogre

Action                   |  1- 3 |  4- 6 |  7- 9 || total
-------------------------+-------+-------+-------++-------
Melee: Unarmed           |   125 |   617 |   239 ||   981
  Use: Scroll            |       |     8 |     5 ||    13
 Stab: Distracted        |     1 |       |       ||     1
       Sleeping          |     2 |     8 |       ||    10
